 Dungeon Crawl Stone Soup version 0.25-a0-663-gace7076f2c (webtiles) character file.

Game seed: 12118120396291282959, levelgen mode: deterministic

12858 Blackmass the Fighter (level 11, 0/102 HPs)
             Began as a Hill Orc Fighter on Mar 25, 2020.
             Was a Priest of Trog.
             Killed by Olgreb's Toxic Radiance
             ... invoked by a naga ritualist
              (2 damage)
             ... on level 1 of the Snake Pit.
             The game lasted 02:44:06 (13107 turns).

Blackmass the Fighter (Hill Orc Fighter)           Turns: 13107, Time: 02:44:07

Health: 0/102      AC: 21    Str: 25    XL:     11   Next: 99%
Magic:  14/14      EV:  4    Int: 11    God:    Trog [***...]
Gold:   532        SH: 22    Dex: 12    Spells: 10/10 levels left

rFire    . . .     SeeInvis +   P - +3 flail (protect)
rCold    + + +     Gourm    .   R - +0 tower shield
rNeg     . . .     Faith    .   a - +1 plate armour
rPois    .         Spirit   .   A - +2 helmet of Daisies {-Cast +Fly rC++ Str+4 Int+3}
rElec    .         Reflect  +   L - +0 cloak
rCorr    .         Harm     .   (no gloves)
MR       .....     NoCast   +   I - +0 pair of boots
Stlth    ..........             g - +4 amulet of reflection
HPRegen  0.27/turn              z - ring of protection from cold
MPRegen  0.14/turn              t - ring of see invisible

@: lethally poisoned (0 -> -19), berserk cooldown, hasted and slowed
A: no striking features
a: Berserk, Trog's Hand, Renounce Religion, Evoke Flight


You were on level 1 of the Snake Pit.
You worshipped Trog.
Trog was most pleased with you.
You were very hungry.

You visited 4 branches of the dungeon, and saw 13 of its levels.

You collected 532 gold pieces.

Inventory:

Hand Weapons
 j - a +2 mace of protection
 u - a +2 glaive of flaming
 B - a +4 dagger of venom
 P - a +3 flail of protection (weapon)
 T - a +1 mace of distortion
Missiles
 e - 21 boomerangs
 k - 12 javelins
 n - 60 bolts
 o - 197 arrows
 w - a throwing net
 Q - 2 silver boomerangs (quivered)
Armour
 a - a +1 plate armour (worn)
 c - a +0 kite shield
 i - a +0 naga barding
 A - the +2 helmet of Daisies (worn) {-Cast +Fly rC++ Str+4 Int+3}
   (You took it off Robin on level 3 of the Dungeon)

   It affects your strength (+4).
   It affects your intelligence (+3).
   It greatly protects you from cold.
   It lets you fly.
   It prevents spellcasting.
 I - a +0 pair of boots (worn)
 L - a +0 cloak (worn)
 R - a +0 tower shield (worn)
Magical Staves
 U - an uncursed staff of cold {unknown}
Jewellery
 g - a +4 amulet of reflection (around neck)
 l - an uncursed ring of teleportation
 p - an uncursed ring of positive energy
 t - a ring of see invisible (right hand)
 v - an uncursed amulet of rage
 z - a ring of protection from cold (left hand)
 O - an uncursed ring of flight
Wands
 b - a wand of acid (7)
 d - a wand of iceblast (4)
 s - a wand of paralysis (23)
 y - a wand of enslavement (9)
 H - a wand of scattershot (2)
 N - a wand of digging (12)
 S - a wand of disintegration (31)
Scrolls
 h - 9 scrolls of teleportation
 m - a scroll of identify
 q - 2 scrolls of fog
 D - a scroll of remove curse
 E - a scroll of random uselessness
 J - a scroll of amnesia
Potions
 f - 2 potions of brilliance
 r - a potion of haste
 x - a potion of might
 F - 3 potions of mutation
 K - a potion of ambrosia {unknown}
Miscellaneous
 M - a crystal ball of energy
Comestibles
 C - 11 rations


   Skills:
 * Level 11.5 Fighting
   Level 3.0(8.0) Axes
 + Level 9.7(9.8) Maces & Flails
 + Level 5.1 Throwing
 + Level 9.7 Armour
 + Level 9.8 Shields
 - Level 4.2 Evocations


You had 10 spell levels left.
You didn't know any spells.
Your spell library contained the following spells:

 Spells                   Type           Power        Failure   Level  Hunger
 Apportation              Tloc           #.....       100%        1    ##.....
 Summon Butterflies       Summ           #.......     100%        1    ##.....
 Lesser Beckoning         Tloc           #.........   100%        3    ####...
 Tukima's Dance           Hex            #.......     100%        3    ####...
 Alistair's Intoxication  Tmut/Pois      #.......     100%        5    ######.
 Invisibility             Hex            #.......     100%        6    #######


Dungeon Overview and Level Annotations

Branches:
Dungeon (9/15)             Temple (1/1) D:6            Lair (2/6) D:8
  Snake (1/4) Lair:2
  Swamp: Lair:2-4    Shoals: Lair:2-4       Orc: D:9-12

Altars:
Ashenzari
Cheibriados
Dithmenos
Elyvilon
Fedhas
Gozag
Hepliaklqana
Kikubaaqudgha
Nemelex Xobeh
Okawaru
Qazlal
Ru
Sif Muna
Trog
Uskayaw
Vehumet
Wu Jian
Yredelemnul
Zin
The Shining One


Message History

You are more poisoned.
You feel sick.
The naga ritualist looks more healthy.
* * * LOW HITPOINT WARNING * * *
You are more poisoned.
You feel sick.
* * * LOW HITPOINT WARNING * * *
You are more poisoned.
Your skin stops crawling.
You feel less resistant to hostile enchantments.
* * * LOW HITPOINT WARNING * * *
You feel sick.
* * * LOW HITPOINT WARNING * * *
You are more poisoned.
* * * LOW HITPOINT WARNING * * *
You feel sick.
* * * LOW HITPOINT WARNING * * *
You are more poisoned.
* * * LOW HITPOINT WARNING * * *
You feel sick.
You die...

.. .# .# ## .# ..# .#
...# .######
...S#############.......
....S'S.S.N.....@.#
..SS############### ...#
..# .# #


You could see a naga ritualist.

Vanquished Creatures
  A hydra (Lair:1)
  An anaconda (Snake:1)
  A naga sharpshooter (Snake:1)
  A mana viper (Snake:1)
  A naga mage (Snake:1)
  A black mamba (Snake:1)
  7 spiny frogs
  Maggie (D:6)
  2 komodo dragons (Lair:1)
  A polar bear (Lair:2)
  Grinder (D:4)
  2 hippogriffs
  A spriggan (D:7)
  A basilisk (Lair:2)
  Eustachio (D:6)
  A hungry ghost (D:7)
  4 nagas
  2 water moccasins (Lair:2)
  2 porcupines
  2 black bears
  4 sky beasts
  An orc warrior (D:7)
  2 ice beasts
  9 ogres
  2 centaurs
  6 wolves
  5 crocodiles
  8 bullfrogs
  A wyvern zombie (D:7)
  A scorpion (D:8)
  9 killer bees
  2 howler monkeys (D:8)
  6 crimson imps
  A bullfrog zombie (D:5)
  3 hounds
  3 orc priests
  A bullfrog skeleton (D:6)
  3 jellies
  2 orc wizards
  Terence (D:4)
  Jessica (D:2)
  2 iguanas
  4 worker ants
  2 hound zombies
  2 hound skeletons
  A worker ant zombie (D:8)
  Robin (D:3)
  9 gnolls
  10 adders
  6 shadow imps
  An ooze (D:5)
  An adder zombie (D:7)
  2 worms
  18 orcs
  5 bats (D:1)
  5 giant cockroaches
  7 hobgoblins
  18 jackals
  8 kobolds
  3 quokkas
  A ball python (D:6)
  2 frilled lizards
  16 goblins
  2 quokka skeletons
  3 rats
  A fungus (D:3)
  2 plants (D:1)
237 creatures vanquished.

Vanquished Creatures (others)
  A centaur (D:8)
1 creature vanquished.

Grand Total: 238 creatures vanquished

Notes
Turn   | Place    | Note
-------+----------+-------------------------------------------
     0 | D:1      | Blackmass the Hill Orc Fighter began the quest for the Orb.
     0 | D:1      | Reached XP level 1. HP: 19/19 MP: 1/1
   230 | D:1      | Reached XP level 2. HP: 26/27 MP: 2/2
   605 | D:1      | You fall into a shaft and drop 1 floor!
   612 | D:2      | Reached skill level 4 in Fighting
   612 | D:2      | Reached skill level 1 in Maces & Flails
   612 | D:2      | Reached XP level 3. HP: 31/33 MP: 3/3
   849 | D:2      | Noticed Jessica
   861 | D:2      | Killed Jessica
   861 | D:2      | Reached XP level 4. HP: 39/40 MP: 4/4
  2056 | D:3      | Found a faded altar of an unknown god.
  2183 | D:3      | Noticed a +0 hand axe
  2226 | D:3      | Identified the +2 helmet of Daisies {-Cast +Fly rC++ Str+4
                  | Int+3}
  2226 | D:3      | Noticed Robin
  2249 | D:3      | Killed Robin
  2249 | D:3      | Reached XP level 5. HP: 38/47 MP: 5/5
  2478 | D:3      | Found a hide-covered altar of Uskayaw.
  2479 | D:3      | Noticed a +0 hand axe
  2486 | D:3      | Became a worshipper of Uskayaw the Reveler
  2491 | D:3      | Found a glowing silver altar of Zin.
  2503 | D:3      | Found a bloodstained altar of Trog.
  2503 | D:3      | Found a basalt altar of Yredelemnul.
  2506 | D:3      | Found a stormy altar of Qazlal.
  2511 | D:3      | Reached * piety under Uskayaw
  2614 | D:3      | Fell from the grace of Uskayaw
  2614 | D:3      | Became a worshipper of Trog the Wrathful
  2670 | D:3      | Found a blossoming altar of Fedhas.
  2807 | D:3      | Noticed Terence
  2820 | D:3      | Noticed Grinder
  2852 | D:4      | Killed Terence
  2852 | D:4      | Paralysed by Grinder for 6 turns
  2871 | D:4      | Paralysed by Grinder for 4 turns
  3210 | D:4      | Paralysed by Grinder for 4 turns
  3227 | D:4      | Paralysed by Grinder for 2 turns
  3442 | D:4      | Reached XP level 6. HP: 49/55 MP: 6/6
  3444 | D:4      | Paralysed by the fury of Uskayaw for 7 turns
  3458 | D:4      | Paralysed by Grinder for 7 turns
  3479 | D:4      | Killed Grinder
  3479 | D:4      | Reached skill level 5 in Fighting
  3485 | D:4      | Paralysed by the fury of Uskayaw for 2 turns
  3546 | D:4      | Reached XP level 7. HP: 46/61 MP: 7/7
  3708 | D:4      | Found a sparkling altar of Nemelex Xobeh.
  3758 | D:4      | Reached skill level 5 in Maces & Flails
  3758 | D:4      | Reached skill level 5 in Armour
  3758 | D:4      | Reached skill level 5 in Shields
  4128 | D:5      | Entered Level 5 of the Dungeon
  4226 | D:5      | Reached skill level 1 in Evocations
  4327 | D:5      | Reached XP level 8. HP: 61/70 MP: 7/9
  4337 | D:5      | Reached skill level 6 in Fighting
  4535 | D:5      | Reached * piety under Trog
  5499 | D:6      | Found a staircase to the Ecumenical Temple.
  5525 | D:6      | Noticed Maggie
  5538 | D:6      | Noticed Eustachio
  5554 | D:6      | Killed Maggie
  5554 | D:6      | Reached skill level 7 in Fighting
  5554 | D:6      | Reached XP level 9. HP: 46/79 MP: 11/11
  5570 | D:6      | Killed Eustachio
  5595 | Temple   | Entered the Ecumenical Temple
  5828 | D:6      | Paralysed by the fury of Uskayaw for 4 turns
  5896 | D:6      | Reached ** piety under Trog
  6300 | D:6      | You fall into a shaft and drop 3 floors!
  6412 | D:8      | Reached skill level 1 in Throwing
  6727 | D:8      | Found a staircase to the Lair.
  6751 | D:8      | HP: 4/81 [poisoned by a killer bee]
  6761 | D:8      | HP: 4/81 [poisoned by a killer bee]
  6767 | D:8      | HP: 4/81 [poisoned by a killer bee]
  6773 | D:8      | HP: 4/81 [poisoned by a killer bee]
  6958 | Lair:1   | Entered Level 1 of the Lair of Beasts
  6960 | Lair:1   | Noticed a spiny frog
  6993 | D:8      | Reached skill level 8 in Fighting
  7379 | D:8      | Paralysed by the fury of Uskayaw for 2 turns
  7427 | D:7      | Reached XP level 10. HP: 86/88 MP: 13/13
  7428 | D:7      | Found an ornate altar of the Wu Jian Council.
  7593 | D:6      | Found an ancient bone altar of Kikubaaqudgha.
  7917 | D:7      | Was forgiven by Uskayaw
  8061 | D:7      | Reached *** piety under Trog
  9442 | Lair:1   | Killed a spiny frog
  9452 | Lair:1   | Reached skill level 9 in Fighting
  9687 | Lair:1   | Noticed a spiny frog
  9700 | Lair:1   | Killed a spiny frog
 10640 | Lair:1   | Reached XP level 11. HP: 28/97 MP: 14/14
 10996 | Lair:2   | Reached skill level 10 in Fighting
 11063 | Lair:2   | Found a staircase to the Snake Pit.
 11629 | Lair:2   | Noticed a four-headed hydra
 11767 | Lair:1   | Killed a four-headed hydra
 11878 | Lair:2   | Reached **** piety under Trog
 12535 | Snake:1  | Entered Level 1 of the Snake Pit
 12658 | Snake:1  | Noticed a mana viper
 12680 | Snake:1  | Killed a mana viper
 12680 | Snake:1  | Reached skill level 11 in Fighting
 12779 | Snake:1  | Noticed an anaconda
 12802 | Snake:1  | Killed an anaconda
 12802 | Snake:1  | Reached skill level 5 in Throwing
 13003 | Snake:1  | Noticed a naga sharpshooter
 13026 | Snake:1  | Killed a naga sharpshooter
 13085 | Snake:1  | Noticed an anaconda
 13085 | Snake:1  | Noticed a mana viper
 13085 | Snake:1  | Noticed an anaconda
 13085 | Snake:1  | Noticed a naga ritualist
 13094 | Snake:1  | Noticed an anaconda
 13106 | Snake:1  | HP: 5/102 [poisoned by a naga ritualist (toxic radiance)]
 13107 | Snake:1  | HP: 2/102 [poisoned by a naga ritualist (toxic radiance)]
 13107 | Snake:1  | Killed from afar by a naga ritualist

Levels and vault maps discovered:
D:1:      kennysheep_arrival_seaside, layout_basic, serial_curves,
          eino_curves_02, eino_curves_03
D:2:      layout_basic, kennysheep_jessica_study
D:3:      layout_loops_ring, dancing_weapons_uskayaw,
          grunt_temple_overflow_open, chequers_ecumenical_altar_island,
          fedhas_altar_3, uniq_terence, uniq_grinder, uniq_robin
D:4:      layout_rooms, old_standard_altar, first_ration
D:5:      layout_basic
D:6:      layout_cave_pools, old_standard_altar,
          minmay_temple_entry_drinking_statues, minivault_23, uniq_maggie,
          uniq_eustachio
D:7:      layout_cave_pools, lemuel_crystal_altar, the_bakery
D:8:      layout_gridville, lair_entry_dummy
D:9:      layout_long_grid, grunt_temple_overflow_champion_of_chaos, uniq_harold
Temple:   minmay_temple_bridge_abc
Lair:1:   layout_regular_city
Lair:2:   layout_misc_corridors, minmay_snake_entry_guardpost_small,
          beast_lair_carwin_8, grunt_megastairs_3
Snake:1:  layout_gridlike, grunt_megastairs_1

Skill      XL: |  1  2  3  4  5  6  7  8  9 10 11 |
---------------+----------------------------------+-----
Axes           | 3 |  3.0
Fighting       | 4 5 7 8 9 11 | 11.5
Maces & Flails | 1 2 3 4 5 6 7 8 9 |  9.7
Armour         | 4 5 6 7 8 9 |  9.7
Shields        | 4 5 6 7 8 9 |  9.8
Evocations     | 1 3 4 |  4.2
Throwing       | 2 4 5 |  5.1

Action                   |  1- 3 |  4- 6 |  7- 9 | 10-12 || total
-------------------------+-------+-------+-------+-------++-------
Melee: War axe           |    61 |       |       |       ||    61
       Mace              |    53 |   225 |   439 |   209 ||   926
       Flail             |       |       |       |   382 ||   382
Throw: Boomerang         |       |       |     8 |    36 ||    44
Invok: Berserk           |       |       |     2 |     2 ||     4
       Trog's Hand       |       |       |     1 |     1 ||     2
  Use: Potion            |       |     4 |     3 |     5 ||    12
       Scroll            |       |       |    14 |     4 ||    18
  Eat: Chunk             |       |     2 |     9 |     9 ||    20
       Ration            |       |     2 |     2 |     4 ||     8
Armor: Chain mail        |    52 |   119 |   258 |    46 ||   475
       Plate armour      |       |       |       |   196 ||   196
Dodge: Dodged            |    15 |    54 |   124 |   108 ||   301
Block: Kite shield       |    34 |   120 |   408 |   210 ||   772
       Reflection        |       |       |    13 |    17 ||    30
       Tower shield      |       |       |       |   384 ||   384

Table legend:
 A = Non-vault XP
 B = Vault XP
 C = Vault XP percentage of total XP
 D = Non-vault monster count
 E = Vault monster count
 F = Vault count percentage of total count
                 A         B        C        D         E       F
            +---------+---------+-------+---------+---------+-------
      Total |   13110 |    5259 |  28.6 |     201 |      34 |  14.5
            +---------+---------+-------+---------+---------+-------
        D:1 |      28 |       0 |   0.0 |      16 |       0 |   0.0
        D:2 |      57 |      39 |  40.6 |       9 |       2 |  18.2
        D:3 |      76 |      34 |  30.9 |      21 |      11 |  34.4
        D:4 |     393 |     300 |  43.3 |      13 |       2 |  13.3
        D:5 |     976 |       0 |   0.0 |      23 |       0 |   0.0
        D:6 |     803 |     564 |  41.3 |      32 |       2 |   5.9
        D:7 |    1068 |     205 |  16.1 |      19 |       1 |   5.0
        D:8 |    1762 |       0 |   0.0 |      35 |       0 |   0.0
        D:9 |     300 |       0 |   0.0 |       6 |       0 |   0.0
     Lair:1 |    2545 |    1974 |  43.7 |      12 |       7 |  36.8
     Lair:2 |    1629 |    2143 |  56.8 |       9 |       9 |  50.0
    Snake:1 |    3473 |       0 |   0.0 |       6 |       0 |   0.0
            +---------+---------+-------+---------+---------+-------
